Map: Eastwatch LE

Players

Sandman

  • Race: Zerg Zerg
  • League: Master
  • Spawn Location: 7:00

Plasmid - Winner!

  • Race: Zerg Zerg
  • League: Diamond
  • Spawn Location: 1:00

VOD

Have the link to the VOD?

Description

ZvP base trade. My opponent thought changelings were maphacks.

Time

  • Played on: April 12, 2018, 8:42 p.m.
  • Length: 25:10
Show
View Real Time Build Order
Export as new Build Order

Sandman Zerg 

Build Orders: Hatch First, Lurkers 

Get SALT Encoding   

  12  0:01  Drone  
  13  0:12  Overlord  
  13  0:17  Drone  
  14  0:23  Drone, Extractor  
  15  0:30  Drone  
  15  0:35  Drone  
  17  0:53  Hatchery  
  17  0:56  Drone  
  17  1:06  Extractor  
  17  1:07  Drone  
  17  1:15  Spawning Pool  
  17  1:17  Drone  
  17  1:28  Drone  
  17  1:29  Drone  
  19  1:39  Overlord  
  19  1:50  Drone  
  20  2:03  Queen  
  20  2:04  Queen  
  20  2:05  Zergling x4  
  26  2:10  Metabolic Boost  
  26  2:15  Drone  
  26  2:16  Drone  
  28  2:23  Drone  
  28  2:27  Drone  
  30  2:30  Baneling Nest  
  30  2:32  Drone  
  30  2:37  Drone  
  30  2:43  Drone  
  32  2:48  Drone  
  33  2:57  Overlord  
  33  3:04  Zergling x2  
  34  3:08  Hatchery  
  33  3:16  Zergling x12  
  39  3:21  Overlord  
  39  3:31  Zergling x6  
  41  3:36  Zergling x2  
  41  3:37  Zergling x2  
  43  3:46  Zergling x12  
  49  3:49  Baneling x2  
  49  4:01  Baneling x4  
  49  4:02  Zergling x6  
  52  4:11  Overlord x2  
  52  4:31  Zergling x10  
  55  4:43  Roach Warren  
  54  4:51  Drone x4  
  54  4:52  Drone x3  
  60  4:58  Overlord  
  60  5:01  Queen  
  62  5:13  Baneling x5  
  62  5:14  Drone  
  62  5:15  Drone x6  
  62  5:18  Extractor  
  69  5:21  Zergling x4  
  69  5:28  Baneling x2  
  61  5:43  Drone x3  
  61  5:44  Drone x2  
  66  5:50  Drone x7  
  66  5:51  Drone x3  
  66  5:56  Overlord  
  76  6:04  Overlord x2  
  76  6:15  Extractor  
  76  6:16  Overlord  
  76  6:17  Overlord x3  
  75  6:21  Lair  
  75  6:23  Evolution Chamber  
  74  6:29  Roach x4  
  74  6:30  Roach x2  
  86  6:46  Roach x7  
  86  6:47  Roach x2  
  104  6:55  Drone x3  
  104  6:58  Extractor  
  106  7:07  Roach x6  
  106  7:08  Roach  
  119  7:19  Roach x4  
  129  7:22  Roach  
  129  7:34  Overlord x4  
  129  7:40  Glial Reconstitution  
  129  7:43  Overlord x3  
  129  7:47  Overseer  
  129  7:54  Drone x3  
  129  7:56  Hydralisk Den  
  129  7:57  Extractor  
  130  8:10  Roach x2  
  130  8:11  Drone x4  
  130  8:12  Drone x2  
  140  8:15  Roach x4  
  148  8:23  Hatchery  
  147  8:39  Roach  
  147  8:40  Roach x10  
  147  8:41  Roach  
  166  8:51  Baneling x3  
  166  8:52  Baneling x3  
  166  8:53  Drone x6  
  172  9:02  Zerg Missile Weapons Level 1  
  172  9:19  Lurker Den  
  171  9:28  Extractor, Roach x2  
  171  9:29  Roach x2  
  178  9:32  Overlord x5  
  176  9:51  Roach x7  
  176  9:52  Roach x2  
  194  10:02  Drone x5  
  199  10:08  Infestation Pit, Muscular Augments  
  194  10:44  Pneumatized Carapace  
  194  10:45  Drone  
  194  10:46  Drone x5  
  188  11:28  Hydralisk x9  
  194  11:53  Hive  
  194  11:55  Lurker  
  194  11:58  Extractor  
  194  12:00  Extractor  
  193  12:12  Lurker x2  
  193  12:13  Lurker x5  
  194  12:27  Hatchery  
  169  12:52  Ravager  
  169  12:53  Ravager x5  
  169  12:54  Ravager  
  172  12:59  Overseer x3  
  172  13:00  Overseer  
  144  13:09  Zergling x10  
  148  13:20  Roach x4  
  148  13:21  Roach x10  
  148  13:22  Roach x5  
  177  13:50  Hydralisk x7  
  177  13:54  Adaptive Talons  
  191  13:56  Zerg Missile Weapons Level 2  
  191  14:02  Evolution Chamber  
  179  14:10  Drone x4  
  179  14:11  Drone x3  
  181  14:30  Drone x6  
  184  14:49  Drone x3  
  187  14:53  Lurker x3  
  187  14:54  Lurker x2  
  187  14:56  Hydralisk x2  
  187  14:57  Hydralisk  
  198  15:13  Spire  
  157  16:17  Overlord x4  
  157  16:18  Overlord x2  
  142  16:32  Hatchery  
  133  16:45  Hatchery  
  127  17:01  Hatchery  
  103  18:09  Unknown x2  
  66  18:50  Drone x3  
  60  19:15  Hatchery  
  59  19:27  Hatchery x2  
  55  20:33  Unknown x3  
  55  20:34  Unknown  
  39  21:04  Unknown  
  39  21:05  Unknown  
  39  21:15  Unknown  
  39  21:23  Drone x3  
  42  21:26  Drone x3  
  42  21:27  Drone x3  
  48  21:56  Spawning Pool  
  47  22:17  Hatchery  
  46  22:29  Overseer  
  46  22:31  Overseer  
  38  23:03  Zergling x2  
  38  23:04  Zergling x16  
  16  23:27  Zergling x8  
  16  23:28  Zergling x4  
  22  23:37  Drone, Zergling x6  
  19  24:03  Zergling x8  
  19  24:04  Zergling x10  
  27  24:16  Queen  
  30  24:23  Zergling x14  
  35  24:29  Drone  
  29  24:38  Zergling x4  
  29  24:39  Zergling x4  
  29  24:41  Drone x2  
  29  24:42  Drone  
  36  24:48  Drone  
  37  24:53  Drone x3  
Show
View Real Time Build Order
Export as new Build Order

Plasmid Zerg - Winner!

Build Orders: Hatch First, Lurkers 

Get SALT Encoding   

  12  0:01  Drone  
  13  0:13  Overlord  
  13  0:18  Drone  
  14  0:32  Drone x2  
  16  0:36  Drone  
  17  0:46  Drone  
  18  0:57  Hatchery  
  18  1:03  Drone  
  18  1:04  Extractor  
  18  1:09  Drone  
  18  1:21  Spawning Pool  
  18  1:22  Drone  
  18  1:30  Drone  
  19  1:42  Overlord  
  19  1:53  Drone  
  20  2:07  Metabolic Boost  
  20  2:08  Queen  
  22  2:09  Zergling x2, Queen  
  22  2:11  Zergling x2  
  26  2:17  Drone  
  27  2:35  Hatchery  
  26  2:40  Drone  
  26  2:42  Drone  
  28  2:45  Drone  
  28  2:50  Drone  
  30  2:55  Drone x2  
  32  3:01  Overlord  
  32  3:07  Drone  
  32  3:08  Drone  
  32  3:11  Drone  
  35  3:15  Overlord  
  35  3:24  Baneling Nest  
  34  3:34  Zergling x8  
  33  3:35  Zergling x4  
  38  3:42  Zergling x2  
  38  3:47  Drone x2, Roach Warren  
  40  4:01  Zergling x4  
  40  4:02  Zergling x8  
  45  4:08  Evolution Chamber  
  44  4:11  Evolution Chamber  
  43  4:30  Roach x6  
  50  4:42  Roach  
  52  4:51  Drone x2, Zerg Missile Weapons Level 1  
  52  4:52  Drone  
  52  4:55  Drone, Extractor  
  52  5:06  Baneling x4  
  52  5:07  Baneling  
  52  5:17  Extractor  
  51  5:33  Queen  
  50  5:47  Drone x2  
  50  5:49  Overlord x4  
  51  5:50  Overlord  
  51  5:59  Lair  
  51  6:00  Extractor  
  50  6:09  Drone x3  
  50  6:10  Drone x3  
  50  6:11  Zerg Ground Armor Level 1  
  56  6:18  Drone  
  57  6:25  Drone x4  
  62  6:32  Drone  
  62  6:33  Drone  
  63  6:40  Drone  
  63  6:44  Drone x4  
  68  6:50  Overlord  
  68  7:01  Roach x4  
  78  7:08  Roach  
  78  7:13  Roach x4  
  86  7:18  Roach x3  
  86  7:21  Glial Reconstitution  
  92  7:24  Zerg Missile Weapons Level 2  
  92  7:26  Roach x2  
  96  7:37  Roach x2  
  96  7:43  Overlord  
  100  7:47  Hatchery  
  99  8:00  Overlord x3  
  99  8:02  Roach x2  
  99  8:03  Roach  
  107  8:12  Roach  
  107  8:20  Roach x4  
  107  8:21  Roach x3  
  107  8:26  Unknown  
  121  8:29  Roach  
  121  8:30  Roach, Zerg Ground Armor Level 2  
  125  8:41  Roach x2  
  127  8:46  Hydralisk Den  
  126  8:54  Roach x3  
  132  8:56  Overlord x3  
  132  9:15  Drone  
  132  9:16  Drone x8  
  132  9:17  Drone x2  
  143  9:23  Roach x2  
  147  9:24  Lurker Den  
  146  9:34  Queen  
  146  9:36  Extractor  
  147  9:53  Roach  
  147  9:54  Roach x6  
  161  10:02  Extractor  
  161  10:04  Overlord x4  
  160  10:31  Hydralisk  
  160  10:32  Hydralisk x8  
  178  10:38  Muscular Augments  
  178  10:54  Overseer  
  178  10:55  Overseer  
  178  11:00  Lurker x2  
  178  11:01  Lurker  
  181  11:09  Lurker x2  
  181  11:10  Lurker x3  
  186  11:24  Infestation Pit  
  185  11:32  Lurker  
  186  11:50  Hydralisk  
  186  11:51  Hydralisk x3  
  171  12:57  Hydralisk x3  
  171  12:58  Hydralisk x8  
  187  13:15  Zergling x8  
  187  13:16  Zergling x6  
  187  13:18  Overlord x4  
  187  13:19  Overlord x2  
  194  13:33  Overseer  
  179  13:48  Hatchery  
  179  13:55  Overseer x3  
  176  13:57  Pneumatized Carapace  
  176  14:00  Hive  
  176  14:12  Lurker x6  
  176  14:13  Lurker x2  
  178  14:27  Drone x4  
  178  14:28  Drone x3  
  181  14:36  Overseer  
  180  14:42  Grooved Spines  
  180  14:55  Spine Crawler  
  180  14:56  Spine Crawler x2  
  180  14:57  Spine Crawler x2  
  175  15:01  Spine Crawler  
  175  15:03  Spine Crawler x2  
  175  15:04  Spine Crawler  
  175  15:05  Spine Crawler  
  170  15:07  Drone  
  170  15:08  Drone x4  
  170  15:09  Drone x5  
  180  15:49  Hydralisk  
  180  15:50  Hydralisk x7  
  180  15:51  Hydralisk x2  
  179  16:31  Extractor  
  164  16:46  Hatchery  
  158  16:50  Hatchery  
  80  18:41  Drone x3  
  80  19:38  Drone x3  
  83  19:39  Spawning Pool  
  72  20:36  Hatchery  
  71  20:57  Drone x2  
  71  20:58  Drone  
  74  21:11  Drone  
  74  21:14  Lair  
  75  21:38  Drone x2  
  77  21:51  Drone  
  66  23:18  Drone x2  
  66  23:19  Drone, Unknown x2  
  69  23:31  Drone x3, Spire  
  69  23:32  Drone  
  72  23:42  Spine Crawler  
  69  23:53  Hatchery  
  55  24:18  Drone x5  
  55  24:19  Drone  
  62  24:41  Spire  
  61  24:47  Drone x3  
  61  24:48  Drone  
  65  24:53  Spine Crawler  
Tags
 
Add a new tag
Caveats
  • Supply blocks, unpowered buildings, or Contaminate may cause inaccurate times.
  • Supply counts are checked every 10 seconds.